 Dungeon Crawl Stone Soup version 0.24-a0-433-gbe6fa4f6cc (webtiles) character file.

Game seed: 4358745180347855003

11886 Azzok the Severer (level 11, -3/82 HPs)
             Began as a Hill Orc Berserker on June 14, 2019.
             Was a High Priest of Trog.
             Slain by a seven-headed hydra (9 damage)
             ... on level 1 of the Lair of Beasts.
             The game lasted 00:16:15 (13696 turns).

Azzok the Severer (Hill Orc Berserker)             Turns: 13696, Time: 00:16:15

Health: -3/82      AC: 13    Str: 26    XL:     11   Next: 84%
Magic:  18/18      EV:  7    Int:  7    God:    Trog [*****.]
Gold:   413        SH:  5    Dex: 15    Spells: 10/10 levels left

rFire    . . .     SeeInvis .   J - +4 broad axe "Qeexypp" {chop, rF- Str+2 Dex+5}
rCold    . . .     Gourm    +   f - +2 buckler
rNeg     . . .     Faith    .   B - +1 plate armour
rPois    +         Spirit   .   (no helmet)
rElec    .         Reflect  .   (no cloak)
rCorr    .         Harm     .   (no gloves)
MR       .....                  m - +0 pair of boots
Stlth    ..........             I - amulet of the gourmand
HPRegen  0.23/turn              v - ring "Woloburph" {rPois rF+ Slay+3}
MPRegen  0.16/turn              (no ring)

@: about to teleport, berserk cooldown, slowed, very slow
A: no striking features
a: Berserk, Trog's Hand, Brothers in Arms, Renounce Religion


You were on level 1 of the Lair of Beasts.
You worshipped Trog.
Trog was extremely pleased with you.
You were completely stuffed.

You visited 2 branches of the dungeon, and saw 12 of its levels.
You also visited: Ossuary.

You collected 437 gold pieces.
You spent 24 gold pieces at shops.

Inventory:

Hand Weapons
 a - a +1 hand axe
 w - a +0 war axe
 D - a +3 scimitar of flaming
 J - the +4 broad axe "Qeexypp" (weapon) {chop, rF- Str+2 Dex+5}
   (Trog gifted it to you on level 10 of the Dungeon)

   It inflicts extra damage upon your enemies.
   It affects your strength (+2).
   It affects your dexterity (+5).
   It makes you vulnerable to fire.
Armour
 f - a +2 buckler (worn)
 m - a +0 pair of boots (worn)
 B - a +1 plate armour (worn)
Jewellery
 v - the ring "Woloburph" (left hand) {rPois rF+ Slay+3}
   (You found it on level 4 of the Dungeon)

   [ring of poison resistance]

   It affects your accuracy and damage with ranged weapons and melee attacks
   (+3).
   It protects you from fire.
   It protects you from poison.
 y - a +2 amulet of reflection
 I - an amulet of the gourmand (around neck)
Wands
 o - a wand of flame (18)
 s - a wand of iceblast (3)
 E - a wand of scattershot (6)
Scrolls
 j - 2 scrolls of immolation {unknown}
 l - a scroll of enchant weapon
 n - 2 scrolls of fog
 q - 4 scrolls of teleportation
 t - 2 scrolls of remove curse
 C - a scroll of fear {unknown}
 G - 2 scrolls of brand weapon {unknown}
 H - a scroll of magic mapping
Potions
 b - 4 potions of lignification {unknown}
 d - a potion of brilliance {unknown}
 e - 5 potions of berserk rage {unknown}
 g - 3 potions of resistance {unknown}
 h - 4 potions of invisibility
 i - 5 potions of haste
 k - a potion of flight
 p - 2 potions of heal wounds
 r - 4 potions of curing
 u - 3 potions of ambrosia
 x - 5 potions of cancellation
 z - 2 potions of might
 A - 4 potions of degeneration {unknown}
 F - a potion of agility {unknown}
Comestibles
 c - 16 rations
 L - 5 chunks of flesh


   Skills:
 - Level 3.6 Fighting
 + Level 19.1 Axes
 - Level 2.1 Armour
 - Level 1.5 Dodging
 + Level 9.6 Evocations


You had 10 spell levels left.
You didn't know any spells.
Your spell library was empty.

Dungeon Overview and Level Annotations

Branches:
Dungeon (11/15)            Temple (0/1) D:5            Lair (1/6) D:11
    Orc (0/2) D:10

Altars:
Elyvilon
Hepliaklqana
Nemelex Xobeh
Okawaru
Qazlal
Xom
Zin

Shops:
D:5 ?

Annotations:
D:4 3 runed translucent doors, Ratty's ghost, amateur MiMo; ohad's ghost, amateur OpTm
D:7 2 transporters, aaksess's ghost, novice HuFE


Message History

The seven-headed hydra completely misses you.
The seven-headed hydra bites you but does no damage.
You block the seven-headed hydra's attack.
The seven-headed hydra bites you but does no damage.
You block the seven-headed hydra's attack.
The seven-headed hydra closely misses you.
The seven-headed hydra bites you but does no damage.
A sky beast appears from thin air!
Reactivating autopickup.
You climb downwards.
Welcome to the Lair of Beasts!
There is a staircase back to the Dungeon here.
As you read the scroll of teleportation, it crumbles to dust.
You feel strangely unstable. The seven-headed hydra bites you.
* * * LOW HITPOINT WARNING * * *
The seven-headed hydra barely misses you.
You block the seven-headed hydra's attack.
The seven-headed hydra bites you.
* * * LOW HITPOINT WARNING * * *
The seven-headed hydra bites you!
You die...

·▒ ·▒ ··▒ P··▒
·▒▒▒▒▒▒▒▒▒···▒
·············▒
·············▒▒
·······@D····P▒
····▒▒▒▒▒·▒▒·P▒
· ▒


You could see a seven-headed hydra.

Vanquished Creatures
  Gastronok (D:10)
  Harold (D:8)
  Erica (D:8)
  2 two-headed ogres (D:8)
  2 trolls (D:11)
  2 hornets
  Prince Ribbit (D:5)
  A hippogriff (D:10)
  Sigmund (D:5)
  A wyvern (D:11)
  4 yaks (D:10)
  A hungry ghost (D:7)
  Edmund (D:5)
  5 orc warriors
  2 sky beasts
  An ice beast (D:10)
  A necrophage (D:6)
  3 phantoms
  5 ogres
  11 centaurs
  A big kobold (D:8)
  7 bullfrogs
  A wyvern skeleton (D:7)
  3 scorpions
  7 killer bees
  2 wights (D:9)
  6 howler monkeys
  7 crimson imps
  A bullfrog zombie (D:8)
  A centaur zombie (D:8)
  5 hounds
  A jelly (D:8)
  10 orc wizards
  10 orc priests
  7 iguanas
  6 worker ants
  13 mummies (Ossuary)
  A howler monkey zombie (D:10)
  A worker ant zombie (D:7)
  4 gnolls (D:9)
  9 adders
  2 oozes
  An adder skeleton (D:9)
  3 worms
  A dart slug (D:1)
  4 leopard geckos
  51 orcs
  6 bats
  4 giant cockroaches
  A goblin (D:1)
  12 hobgoblins
  5 jackals
  4 quokkas
  2 ball pythons (D:4)
  3 frilled lizards
  A gnoll skeleton (Ossuary)
  4 goblin skeletons (Ossuary)
  4 kobolds
  A kobold skeleton (Ossuary)
  2 orc skeletons (Ossuary)
  6 rats
  11 rat skeletons (Ossuary)
278 creatures vanquished.

Vanquished Creatures (others)
  2 withered plants (D:4)
2 creatures vanquished.

Grand Total: 280 creatures vanquished

Notes
Turn   | Place    | Note
-------+----------+-------------------------------------------
     0 | D:1      | Azzok the Hill Orc Berserker began the quest for the Orb.
     0 | D:1      | Reached XP level 1. HP: 19/19 MP: 1/1
    29 | D:1      | HP: 1/28 [hobgoblin/+0 club (4)]
   377 | D:1      | Reached XP level 2. HP: 21/26 MP: 2/2
   625 | D:1      | Reached skill level 5 in Axes
  1371 | D:2      | Reached XP level 3. HP: 31/31 MP: 3/3
  1906 | D:2      | Reached skill level 6 in Axes
  2250 | D:2      | Reached ** piety under Trog
  2539 | D:3      | Reached XP level 4. HP: 39/39 MP: 4/4
  2887 | D:3      | Reached skill level 7 in Axes
  3634 | D:4      | Reached XP level 5. HP: 45/45 MP: 5/5
  3636 | D:4      | Found a runed translucent gate.
  3727 | D:4      | Found a runed translucent gate.
  3727 | D:4      | Found a runed translucent gate.
  3738 | D:4      | Reached skill level 8 in Axes
  3803 | D:4      | Noticed ohad's ghost (amateur OpTm)
  3803 | D:4      | Noticed Ratty's ghost (amateur MiMo)
  3929 | D:4      | Reached XP level 6. HP: 51/51 MP: 6/6
  4115 | D:4      | Got a glittering jade ring
  4312 | D:4      | Reached skill level 9 in Axes
  4809 | D:4      | Found a white marble altar of Elyvilon.
  4860 | D:4      | Identified the ring "Woloburph" {rPois rF+ Slay+3} (You
                  | found it on level 4 of the Dungeon)
  4943 | D:5      | Entered Level 5 of the Dungeon
  4949 | D:5      | Reached skill level 10 in Axes
  4949 | D:5      | Reached XP level 7. HP: 49/57 MP: 7/7
  4959 | D:5      | Found a sand-covered staircase.
  4973 | Ossuary  | Entered an ossuary
  5207 | Ossuary  | Reached *** piety under Trog
  5763 | Ossuary  | Reached skill level 11 in Axes
  6418 | D:5      | Found a staircase to the Ecumenical Temple.
  6627 | D:5      | Found Pishi's Magic Scroll Emporium.
  6627 | D:5      | Noticed Edmund
  6636 | D:5      | Killed Edmund
  6636 | D:5      | Reached skill level 12 in Axes
  6636 | D:5      | Reached XP level 8. HP: 64/64 MP: 8/8
  6646 | D:5      | Bought a scroll of identify for 24 gold pieces
  6866 | D:5      | Noticed Sigmund
  6874 | D:5      | Killed Sigmund
  7080 | D:5      | Reached skill level 13 in Axes
  7087 | D:5      | Noticed Prince Ribbit
  7113 | D:5      | Killed Prince Ribbit
  7469 | D:5      | Noticed a hornet
  7478 | D:5      | Killed a hornet
  7478 | D:5      | Reached skill level 14 in Axes
  7478 | D:5      | Reached XP level 9. HP: 70/70 MP: 9/9
  7606 | D:6      | Identified the cursed +1 leather armour of Lejapale {rF-
                  | rC++ Dex+3}
  7661 | D:6      | Reached skill level 15 in Axes
  7665 | D:6      | Reached **** piety under Trog
  7719 | D:6      | Found a glowing silver altar of Zin.
  8210 | D:6      | Found an iron altar of Okawaru.
  8611 | D:7      | Reached skill level 16 in Axes
  8611 | D:7      | Reached skill level 1 in Evocations
  9406 | D:7      | Found a transporter.
  9406 | D:7      | Noticed aaksess's ghost (novice HuFE)
  9516 | D:7      | Reached XP level 10. HP: 77/77 MP: 12/12
  9867 | D:7      | Found a transporter.
 10340 | D:8      | Noticed a two-headed ogre
 10350 | D:8      | Killed a two-headed ogre
 10350 | D:8      | Reached skill level 17 in Axes
 10350 | D:8      | Reached skill level 5 in Evocations
 10482 | D:8      | Noticed a two-headed ogre
 10494 | D:8      | Killed a two-headed ogre
 10666 | D:8      | Noticed Erica
 10674 | D:8      | Killed Erica
 10769 | D:8      | Noticed Harold
 10785 | D:8      | Killed Harold
 10785 | D:8      | Reached ***** piety under Trog
 10785 | D:8      | Reached XP level 11. HP: 82/82 MP: 16/16
 11190 | D:9      | Reached skill level 18 in Axes
 11685 | D:9      | Found a stormy altar of Qazlal.
 11688 | D:9      | Found a sparkling altar of Nemelex Xobeh.
 11691 | D:9      | Found a hazy altar of Hepliaklqana.
 11694 | D:9      | Found a shimmering altar of Xom.
 11735 | D:9      | Received a gift from Trog
 12154 | D:10     | Entered Level 10 of the Dungeon
 12733 | D:10     | Found a staircase to the Orcish Mines.
 12785 | D:10     | Received a gift from Trog
 12799 | D:10     | Got a slimy broad axe {god gift}
 13006 | D:10     | Noticed Gastronok
 13024 | D:10     | Killed Gastronok
 13256 | D:10     | Identified the +4 broad axe "Qeexypp" {chop, rF- Str+2
                  | Dex+5} (Trog gifted it to you on level 10 of the Dungeon)
 13469 | D:11     | Reached skill level 19 in Axes
 13674 | D:11     | Found a staircase to the Lair.
 13681 | D:11     | Noticed a seven-headed hydra
 13695 | Lair:1   | Entered Level 1 of the Lair of Beasts
 13696 | Lair:1   | Slain by a seven-headed hydra

Levels and vault maps discovered:
D:1:      mainiacjoe_arrival_reflecting_pool, layout_loops_ring
D:2:      minmay_evil_eye, layout_basic
D:3:      layout_basic, first_ration
D:4:      layout_loops_ring, elyvilon_altar_3, gammafunk_ghost_cemetery
D:5:      layout_gridville, minmay_temple_entry_large_hall, serial_shops, shop,
          nicolae_ossuary_entry_false_entrances, uniq_sigmund, uniq_edmund,
          uniq_prince_ribbit1
D:6:      layout_loops_ring, okawaru_metal_pillars_3, basic_altar
D:7:      nicolae_whirlpool, layout_loops_corners, gammafunk_ghost_arena
D:8:      layout_loops_ring, blue_anna_alchemist [blue_anna_fruit_fields,
          blue_anna_fruit_fields], uniq_harold, uniq_erica
D:9:      layout_irregular_city, grunt_temple_overflow_cloverleaf
D:10:     layout_basic, hiddenorc2_lemuel, uniq_gastronok
D:11:     layout_roguey, lair_entry_dummy
Lair:1:   layout_regular_city, grunt_megastairs_4

Skill      XL: |  1  2  3  4  5  6  7  8  9 10 11 |
---------------+----------------------------------+-----
Axes           | 5 6 7 8 10 12 14 16 17 19 | 19.1
Evocations     | 3 7 9 |  9.6
Fighting       | |  3.6
Armour         | |  2.1
Dodging        | |  1.5

Action                   |  1- 3 |  4- 6 |  7- 9 | 10-12 || total
-------------------------+-------+-------+-------+-------++-------
Melee: Hand axe          |   121 |   178 |   324 |       ||   623
       War axe           |       |       |    48 |   333 ||   381
       Broad axe         |       |       |       |    40 ||    40
Invok: Berserk           |     4 |     4 |     9 |     9 ||    26
Evoke: Wand              |       |       |     4 |       ||     4
  Use: Scroll            |       |     1 |    17 |     6 ||    24
 Stab: Sleeping          |     1 |       |       |       ||     1
  Eat: Chunk             |     8 |    12 |    16 |    33 ||    69
       Ration            |       |       |     2 |     1 ||     3
Armor: Animal skin       |    21 |    19 |       |       ||    40
       Ring mail         |       |     1 |    17 |       ||    18
       Plate armour      |       |       |    69 |   146 ||   215
Dodge: Dodged            |    76 |    76 |    65 |    75 ||   292
Block: Buckler           |    12 |    33 |    44 |    72 ||   161
       Reflection        |       |       |       |     5 ||     5

Table legend:
 A = Non-vault XP
 B = Vault XP
 C = Vault XP percentage of total XP
 D = Non-vault monster count
 E = Vault monster count
 F = Vault count percentage of total count
                 A         B        C        D         E       F
            +---------+---------+-------+---------+---------+-------
      Total |   11202 |    5779 |  34.0 |     203 |      75 |  27.0
            +---------+---------+-------+---------+---------+-------
        D:1 |      33 |       0 |   0.0 |      17 |       0 |   0.0
        D:2 |      31 |       1 |   3.1 |       9 |       1 |  10.0
        D:3 |      91 |       0 |   0.0 |      19 |       0 |   0.0
        D:4 |     457 |       0 |   0.0 |      21 |       0 |   0.0
        D:5 |     875 |     668 |  43.3 |      18 |       3 |  14.3
        D:6 |    1318 |       0 |   0.0 |      28 |       0 |   0.0
        D:7 |     717 |     330 |  31.5 |       9 |       3 |  25.0
        D:8 |    2971 |    1973 |  39.9 |      23 |       3 |  11.5
        D:9 |    1134 |       0 |   0.0 |      27 |       0 |   0.0
       D:10 |    2040 |    2559 |  55.6 |      21 |      33 |  61.1
       D:11 |    1535 |       0 |   0.0 |      11 |       0 |   0.0
    Ossuary |       0 |     248 | 100.0 |       0 |      32 | 100.0
            +---------+---------+-------+---------+---------+-------
